[Event "*** MasterClass Titled Tuesday Blitz"]
[Site "Chess.com"]
[Date "2017.09.05"]
[Round "3"]
[White "chessking2151"]
[Black "ditkin25"]
[Result "1-0"]
[WhiteElo "2343"]
[BlackElo "2208"]
[TimeControl "180+2"]
[EndTime "13:41:09 PDT"]
[Termination "chessking2151 won by resignation"]

1. e4 c6 2. d4 d5 3. Nc3 dxe4 4.
Nxe4 Bf5 5. Ng3 Bg6 6. Nh3 Nf6 7. Nf4 e5 8. Nxg6 hxg6 9. dxe5 Qa5+ 10. c3 Qxe5+ 11. Qe2 Qxe2+ 12. Bxe2 Nbd7 13. Be3 Nd5 14. Bd2 O-O-O 15. O-O-O Rh4 16. Bg5 Ra4 17. Bxd8 Kxd8 18. Kb1 Kc7 19. Bf3 N7f6 20. Rhe1 Bc5 21. Re2 Nf4 22.
Red2 g5 23. b3 Ra6 24. Ne4 Nxe4 25. Bxe4 Ba3 26. Rd7+ Kb6 27. Kc2 Ra5 28. g3 Ne6 29. Rxf7 Re5 30. f3 g4 31. Rf5 Rc5 32. Rxc5 Bxc5 33. fxg4 Ng5 34. Bg2 Be3 35. h4 Ne6 36. Re1 1-0

[Event "*** MasterClass Titled Tuesday Blitz"]
[Site "Chess.com"]
[Date "2017.09.05"]
[Round "3"]
[White "Mistheoretical"]
[Black "MartinMatthiesen"]
[Result "0-1"]
[WhiteElo "2217"]
[BlackElo "2314"]
[TimeControl "180+2"]
[EndTime "13:41:10 PDT"]
[Termination "MartinMatthiesen won by checkmate"]

1. d4 Nf6 2. Bg5 d5 3. Bxf6 exf6 4. e3 Bd6 5. c4 dxc4 6. Bxc4 O-O 7. Nc3 Nd7 8. Qf3 Nb6 9. Bd3 c5 10. Nge2 cxd4 11. exd4 g6 12. O-O-O f5 13. Kb1 Be6 14. d5 Bd7 15. h3 h5 16. Nf4 Qf6 17. g3 Rac8 18.
Rc1 Nc4 19. Bxc4 Rxc4 20. Nce2 Re4 21. Rc2 Rfe8 22. Rhc1 b5 23. h4 a5 24. Qd3 b4 25.
Qf3 Kg7 26. Qd3 a4 27. b3 a3 28. Rc4 Qb2# 0-1

[Event "*** MasterClass Titled Tuesday Blitz"]
[Site "Chess.com"]
[Date "2017.09.05"]
[Round "3"]
[White "GM_dmitrij"]
[Black "blitzcopter"]
[Result "1-0"]
[WhiteElo "2634"]
[BlackElo "2039"]
[TimeControl "180+2"]
[EndTime "13:41:13 PDT"]
[Termination "GM_dmitrij won by resignation"]

1. e4 c6 2. d4 d5 3. e5 Bf5 4. h4 h5 5. Bd3 Bxd3 6. Qxd3 e6 7.
Bg5 Qa5+ 8. Nd2 Qa6 9. c4 Bb4 10. Nf3 dxc4 11. Qc2 Nd7 12. O-O Nh6 13. Bxh6 Rxh6 14.
Nxc4 Nb6 15. Ne3 O-O-O 16. a3 Be7 17. b4 Qa4 18. Qe4 Nd5 19. Nxd5 Rxd5 20. Qf4 f6 21. exf6 Rxf6 22. Qe4 Rdf5 23. Rfe1 Qb3 24. Re3 Qd5 25. Rae1 Bd6 26. Qxd5 exd5 27. Re8+ Kd7 28. Rg8 Rf7 29. Ng5 Re7 30. Rxe7+ Bxe7 31. Rxg7 Kd6 32. Nf3 Rf4 33.
Rh7 Bxh4 34. Rxb7 Bf6 35. Rxa7 Bxd4 36. Ra6 Kc7 37. a4 Bc3 38. b5 cxb5 39. axb5 Rb4 40.
Rc6+ Kd7 41. Rxc3 Rxb5 1-0

[Event "*** MasterClass Titled Tuesday Blitz"]
[Site "Chess.com"]
[Date "2017.09.05"]
[Round "3"]
[White "pedromartinez91"]
[Black "PrinceMurad09"]
[Result "0-1"]
[WhiteElo "2314"]
[BlackElo "2351"]
[TimeControl "180+2"]
[EndTime "13:41:20 PDT"]
[Termination "PrinceMurad09 won by resignation"]

1. e4 c5 2. Nf3 d6 3. d4 cxd4 4. Nxd4 Nf6 5. Nc3 g6 6. Nb3 Bg7 7. Be2 Nc6 8. O-O O-O 9. Re1 Be6 10. Bf1 d5 11. Nc5 dxe4 12. Nxe6 Qxd1 13. Rxd1 fxe6 14. Bc4 Kf7 15. Bg5 h6 16. Bxf6 Bxf6 17. Nxe4 Rfd8 18.
Nc5 Bxb2 19. Rab1 Rxd1+ 20. Rxd1 Rd8 21. Rb1 Rd4 22. Bxe6+ Kf6 23. Bb3 b6 24. Nd3 Ba3 25. Kf1 e5 26. f3 Be7 27. Nf2 Rd8 28. Ne4+ Kg7 29. c3 Na5 30. Ke2 Nb7 31. Bc2 Nc5 32.
Nxc5 Bxc5 33. a4 a5 34. h4 Kf6 35. Be4 Rd6 36. g4 g5 37. hxg5+ Kxg5 38. Rh1 Kf4 39. Rh5 Re6 40. Rf5+ Kg3 41. Rf8 Bxf8 42. Bd5 Rd6 43. c4 Kf4 44. Kd3 Be7 45. Ke2 Bg5 46. Kd3 Rd8 47.
Ke2 Rh8 48. Bf7 e4 49. fxe4 Kxe4 50. Be6 Kd4 51. Bd5 Rf8 52. Bf3 0-1

[Event "*** MasterClass Titled Tuesday Blitz"]
[Site "Chess.com"]
[Date "2017.09.05"]
[Round "3"]
[White "Aariow"]
[Black "nickmatta"]
[Result "1-0"]
[WhiteElo "2362"]
[BlackElo "2306"]
[TimeControl "180+2"]
[EndTime "13:41:22 PDT"]
[Termination "Aariow won by resignation"]

1. Nf3 c5 2. g3 Nf6 3. Bg2 d5 4. O-O g6 5. b3 Bg7 6. Bb2 O-O 7. c4 d4 8. b4 Qb6 9. Qb3 Nc6 10.
bxc5 Qxc5 11. d3 Re8 12. Nbd2 e5 13. Ba3 Qa5 14. Qb2 Qc7 15. Nb3 b6 16. c5 b5 17.
Qc2 b4 18. Bb2 a5 19. a4 Be6 20. Nfd2 Nd5 21. Nc4 Nc3 22. Bxc3 bxc3 23. Nd6 Reb8 24. Nb5 Qd7 25. Bxc6 Qxc6 26. e4 Bxb3 27. Qxb3 Qxc5 28. f4 Qb4 29. Qd5 Rd8 30. Qc6 Rac8 31. Qb7 Rf8 32. fxe5 Bxe5 33. Rxf7 Rxf7 34. Qxc8+ Qf8 35. Qc4 Kg7 36.
Nxd4 Rc7 37. Ne6+ Kh8 38. Nxf8 Rxc4 39. dxc4 Bd4+ 40. Kf1 Be3 41. Ke2 Bh6 42. Kd3 Bxf8 43. Rb1 Bb4 44. Rxb4 axb4 45. a5 1-0

[Event "*** MasterClass Titled Tuesday Blitz"]
[Site "Chess.com"]
[Date "2017.09.05"]
[Round "3"]
[White "Frolik67"]
[Black "HKBurwell"]
[Result "1-0"]
[WhiteElo "2512"]
[BlackElo "2350"]
[TimeControl "180+2"]
[EndTime "13:41:22 PDT"]
[Termination "Frolik67 won by resignation"]

1. e4 e5 2. Nf3 Nf6 3. Nc3 Nc6 4. Bb5 Nd4 5. Bc4 Nxf3+ 6. Qxf3 d6 7. h3 Be7 8. d3 h6 9. a3 O-O 10. g4 Nh7 11.
Ne2 Bg5 12. Be3 c6 13. O-O-O b5 14. Bb3 Be6 15. h4 Bxe3+ 16. fxe3 a5 17. Kb1 a4 18. Ba2 b4 19. axb4 Qb6 20. c3 a3 21. b3 c5 22.
d4 cxb4 23. c4 Bxc4 24. Nc1 Be6 25. g5 Rfc8 26. gxh6 Qc7 27. Qg2 g6 28. h5 Kh8 29.
hxg6 fxg6 30. Rd2 exd4 31. exd4 d5 32. Qxg6 Qf7 33. Qg7+ Qxg7 34. hxg7+ Kxg7 35. Rg2+ Kh8 36. Nd3 dxe4 37. Ne5 Rg8 38. Ng6+ Rxg6 39. Rxg6 Bf5 40. Rgh6 e3+ 41. Ka1 Rd8 42. Bb1 Bxb1 43. Kxb1 Rd7 44. Kc2 Kg8 45. Kd3 Nf6 46. Rxf6 1-0

[Event "*** MasterClass Titled Tuesday Blitz"]
[Site "Chess.com"]
[Date "2017.09.05"]
[Round "3"]
[White "Alohamora11"]
[Black "goingin33"]
[Result "0-1"]
[WhiteElo "2106"]
[BlackElo "2287"]
[TimeControl "180+2"]
[EndTime "13:41:26 PDT"]
[Termination "goingin33 won by checkmate"]

1. e4 e6 2. d4 d5 3. Nd2 Be7 4.
c3 c5 5. Ngf3 Nf6 6. e5 Nfd7 7.
Bd3 Nc6 8. O-O g5 9. Qc2 g4 10. Ne1 cxd4 11. f4 gxf3 12. Ndxf3 Ndxe5 13. Nxe5 Nxe5 14.
Bxh7 dxc3 15. bxc3 Bc5+ 16. Kh1 Qh4 17. Bf4 Ng4 18.
Bg3 Qxh7 19. Qa4+ Bd7 20. Qxg4 Rg8 21. Qf3 Bc6 22. Nd3 d4 23. Qf2 Bd6 24. Nf4 dxc3 25. Rad1 Rd8 26. Bh4 Rd7 27. Bg3 Rg4 28. Rxd6 Rxd6 29.
h3 Rd2 30. Qxa7 Rxf4 31. Qb8+ Rd8 32. Qxf4 Qxh3+ 33. Kg1 Qxg2# 0-1

[Event "*** MasterClass Titled Tuesday Blitz"]
[Site "Chess.com"]
[Date "2017.09.05"]
[Round "3"]
[White "Diwi89"]
[Black "FelixBlohberger"]
[Result "1-0"]
[WhiteElo "2373"]
[BlackElo "2312"]
[TimeControl "180+2"]
[EndTime "13:41:27 PDT"]
[Termination "Diwi89 won by checkmate"]

1. Nf3 Nf6 2. c4 e6 3. g3 b6 4. Bg2 Bb7 5. O-O Be7 6. Nc3 Ne4 7. Nxe4 Bxe4 8. d3 Bb7 9. e4 O-O 10. Re1 c5 11. d4 cxd4 12. Nxd4 a6 13. b3 d6 14. Bb2 Qc7 15. Qd2 Nd7 16. Rad1 Rfc8 17. f4 h6 18. Nf3 Bf8 19. e5 dxe5 20. Qxd7 Qc5+ 21. Kf1 Rc7 22. Qd2 exf4 23. Qxf4 b5 24. Bd4 Qe7 25. Be5 Rd7 26. Rxd7 Qxd7 27. Qd2 Qe7 28.
cxb5 f6 29. Bb2 axb5 30. a3 e5 31. Nh4 Rd8 32. Qe2 Bxg2+ 33. Nxg2 Qc5 34. Ne3 Kh8 35. Rc1 Qb6 36. b4 Qe6 37. Kg1 f5 38. Rd1 Re8 39. Nd5 e4 40. Nf4 Qb3 41. Ng6+ Kh7 42. Nxf8+ Rxf8 43. Rd7 Rg8 44. Qf2 Qe6 45. Qa7 Qg6 46.
Qc7 h5 47. Qf4 Kh8 48. Rd6 Qf7 49. Qh6# 1-0

[Event "*** MasterClass Titled Tuesday Blitz"]
[Site "Chess.com"]
[Date "2017.09.05"]
[Round "3"]
[White "JSPrepz"]
[Black "nihalsarin"]
[Result "1-0"]
[WhiteElo "2450"]
[BlackElo "2638"]
[TimeControl "180+2"]
[EndTime "13:41:32 PDT"]
[Termination "JSPrepz won by resignation"]

1. Nf3 Nf6 2. c4 e6 3. g3 d5 4.
Bg2 Be7 5. d4 O-O 6. Qc2 c5 7.
O-O cxd4 8. Nxd4 e5 9. Nf5 d4 10. Nxe7+ Qxe7 11. Bg5 Nc6 12. Nd2 h6 13. Bxf6 Qxf6 14.
Ne4 Qe7 15. a3 a5 16. c5 Bf5 17. Qc4 Bxe4 18. Bxe4 Kh8 19. b4 f5 20. Bd5 Rad8 21.
b5 Nb8 22. c6 bxc6 23. bxc6 Qc7 24. Rab1 Rc8 25. Rfc1 Qd6 26. c7 Na6 27. Bb7 Rxc7 28. Qxa6 Rxc1+ 29. Rxc1 Qxa3 30. Qc4 Qb2 31. Bd5 a4 32. Rc2 Qa1+ 33. Kg2 f4 34. Qc5 Rd8 35. Qe7 Rb8 36. Rc7 1-0

[Event "*** MasterClass Titled Tuesday Blitz"]
[Site "Chess.com"]
[Date "2017.09.05"]
[Round "3"]
[White "Daniela_Movileanu"]
[Black "Chess64Surfer"]
[Result "1-0"]
[WhiteElo "2008"]
[BlackElo "1982"]
[TimeControl "180+2"]
[EndTime "13:41:32 PDT"]
[Termination "Daniela_Movileanu won by resignation"]

1. e4 d6 2. d4 Nf6 3. Nc3 g6 4. Nf3 Bg7 5. Be2 c6 6. O-O O-O 7. a4 b6 8. h3 Bb7 9. Re1 Nbd7 10. Bc4 Nxe4 11. Bxf7+ Rxf7 12. Nxe4 h6 13. Qd3 Nf8 14. Ng3 e6 15. c3 c5 16. Nh2 cxd4 17. cxd4 Qf6 18. Ng4 Qxd4 19. Qxd4 Bxd4 20. Nxh6+ Kg7 21. Nxf7 Kxf7 22. Be3 Bxb2 23. Rab1 Be5 24. a5 Bd5 25. axb6 axb6 26. Bxb6 Ra2 27. Ne4 Nd7 28. Bc7 Bxe4 29. Rxe4 Nc5 30. Rc4 Nd3 31. Bb6 d5 32. Rc6 d4 33.
Rd1 Nxf2 34. Rf1 Bg3 35. Bxd4 Ke7 36. Bxf2 Bd6 37. Rc4 1-0

[Event "*** MasterClass Titled Tuesday Blitz"]
[Site "Chess.com"]
[Date "2017.09.05"]
[Round "3"]
[White "Peroncio"]
[Black "gmcorrales"]
[Result "0-1"]
[WhiteElo "2413"]
[BlackElo "2674"]
[TimeControl "180+2"]
[EndTime "13:41:36 PDT"]
[Termination "gmcorrales won by resignation"]

1. e4 c6 2. d4 d5 3. exd5 cxd5 4. c4 Nf6 5. Nc3 Nc6 6. Bg5 Be6 7. Bxf6 exf6 8. c5 Be7 9. Bb5 O-O 10. Nge2 f5 11. O-O Bf6 12. Qd2 g5 13. Rad1 f4 14. f3 Kg7 15. Ba4 Qd7 16. b4 a6 17. a3 Rfe8 18. Bc2 Bf5 19. Bb3 Be6 20. Na4 Rad8 21. Rfe1 Ne7 22. Nb6 Qc7 23. Ba4 Rf8 24. Bc2 Nf5 25.
Bxf5 Bxf5 26. Nc3 Be6 27. a4 h5 28. b5 axb5 29. Nxb5 Qb8 30. Qc2 g4 31. Nd6 Rxd6 32.
cxd6 Qxd6 33. a5 gxf3 34. gxf3 Kh6 35. Kh1 Qa3 36. Na4 Qxf3+ 37. Qg2 Qa3 38. Nc5 Bg4 39.
Rd3 Qxa5 40. Rf1 b6 41. Rxf4 Bg5 42. Rxg4 hxg4 43. Nb3 Qe1+ 44. Qg1 Qe4+ 45. Qg2 Qxd3 0-1

[Event "*** MasterClass Titled Tuesday Blitz"]
[Site "Chess.com"]
[Date "2017.09.05"]
[Round "3"]
[White "Kirill_Klukin"]
[Black "Alex_Molchanov"]
[Result "1/2-1/2"]
[WhiteElo "2514"]
[BlackElo "2502"]
[TimeControl "180+2"]
[EndTime "13:41:36 PDT"]
[Termination "Game drawn by agreement"]

1. d4 Nf6 2. Nf3 e6 3. g3 b6 4. Bg2 Bb7 5. O-O Be7 6. c4 O-O 7. Nc3 Ne4 8. Qc2 Nxc3 9. Qxc3 Be4 10. Nd2 Bxg2 11. Kxg2 c6 12. e4 d5 13. cxd5 cxd5 14. e5 Nd7 15. Qd3 Rc8 16. Nf3 Nb8 17. h4 h6 18. Bd2 Qd7 19. Rac1 Rxc1 20. Rxc1 Rc8 21. Rxc8+ Qxc8 22. Qc3 Qxc3 23. Bxc3 Nc6 24. Ne1 b5 25.
Nc2 Kf8 26. Kf3 Ke8 27. Ke2 Kd7 28. Kd3 Kc7 29. Bd2 Kb6 30. h5 a5 31. b3 b4 32. g4 Kb5 33. f4 a4 34. g5 Bf8 35.
Ne3 axb3 36. axb3 Na5 37. Kc2 Nc6 38. Kd3 Na5 39. Kc2 1/2-1/2

[Event "*** MasterClass Titled Tuesday Blitz"]
[Site "Chess.com"]
[Date "2017.09.05"]
[Round "3"]
[White "MatthewG-p4p"]
[Black "Keaton87"]
[Result "0-1"]
[WhiteElo "2570"]
[BlackElo "2476"]
[TimeControl "180+2"]
[EndTime "13:41:42 PDT"]
[Termination "Keaton87 won by resignation"]

1. c4 Nf6 2. Nc3 g6 3. g3 d5 4.
Bg2 dxc4 5. Qa4+ Bd7 6. Qxc4 Bc6 7. e4 Bg7 8. d4 O-O 9. Nge2 a6 10. a4 b5 11. Qd3 bxa4 12. d5 e6 13. O-O exd5 14.
exd5 Bb7 15. Rd1 Nbd7 16. Be3 Ne5 17. Qc2 Nc4 18. Bc5 Re8 19. Rxa4 Nb6 20. Raa1 Rb8 21. Qd3 Re5 22. Bd4 Re8 23. Nf4 Qd6 24. Rac1 Rbd8 25. Bxf6 Qxf6 26. Ne4 Qxb2 27. Rxc7 Bxd5 28. Ng5 Qe5 29.
Nxd5 Nxd5 30. Rc5 Qxg5 31. Bxd5 Qe7 32. Qxa6 Qxc5 0-1

[Event "*** MasterClass Titled Tuesday Blitz"]
[Site "Chess.com"]
[Date "2017.09.05"]
[Round "3"]
[White "GrigorGrigorov"]
[Black "GGuseinov"]
[Result "1-0"]
[WhiteElo "2601"]
[BlackElo "2684"]
[TimeControl "180+2"]
[EndTime "13:41:43 PDT"]
[Termination "GrigorGrigorov won by resignation"]

1. d4 Nf6 2. c4 g6 3. Nc3 Bg7 4. e4 d6 5. Be2 O-O 6. Be3 c5 7. d5 b5 8. cxb5 a6 9. a4 axb5 10. Bxb5 Na6 11. Nf3 Nc7 12. h3 Ba6 13. O-O Qb8 14. Qd3 Bxb5 15. axb5 Nd7 16. Bg5 Re8 17.
Nd2 Qb7 18. Nb3 Bxc3 19. bxc3 Qxb5 20. Qxb5 Nxb5 21. Rxa8 Rxa8 22. c4 Na3 23. Ra1 Nb6 24. Bxe7 Nbxc4 25. e5 dxe5 26. d6 Ra7 27. Nxc5 Nb6 28.
d7 Nxd7 29. Nxd7 Rxd7 30. Bxa3 f6 31. Bc5 Rd5 32. Be3 h5 33. Ra7 h4 34. Kf1 Rb5 35.
Ke2 Rb4 36. Kd3 g5 37. Bc5 Rb1 38. Ke4 Rg1 39. Kf5 Rxg2 40. Kg6 1-0

[Event "*** MasterClass Titled Tuesday Blitz"]
[Site "Chess.com"]
[Date "2017.09.05"]
[Round "3"]
[White "SavelijTartakover"]
[Black "jlandaw"]
[Result "0-1"]
[WhiteElo "2537"]
[BlackElo "2418"]
[TimeControl "180+2"]
[EndTime "13:41:43 PDT"]
[Termination "jlandaw won by checkmate"]

1. d4 d5 2. c4 c6 3. Nf3 e6 4.
Qc2 f5 5. g3 Nf6 6. Bg2 Bd6 7.
O-O O-O 8. Nbd2 Nbd7 9. cxd5 cxd5 10. b3 Ne4 11. Bb2 Qe7 12. Ne5 Nxe5 13. dxe5 Bc5 14. a3 a5 15. Nf3 b6 16. Nd4 Ba6 17. Rfc1 Rac8 18. Qd1 f4 19. f3 Nxg3 20. hxg3 fxg3 21.
Bh3 Qh4 22. Kg2 Rf5 23. Nxf5 exf5 24. Qxd5+ Kh8 25. e6 Bxe2 26. Bxg7+ Kxg7 27. Qe5+ Kg8 28. Qxe2 Re8 29. Rxc5 bxc5 30. Re1 Qd4 31. e7 Rxe7 32. Qf1 Qd2+ 33. Kxg3 Rxe1 34. Qc4+ Kg7 35. Qxc5 Qg5+ 36.
Kf2 Qg1# 0-1

[Event "*** MasterClass Titled Tuesday Blitz"]
[Site "Chess.com"]
[Date "2017.09.05"]
[Round "3"]
[White "HanSchut"]
[Black "r31415"]
[Result "1-0"]
[WhiteElo "2330"]
[BlackElo "2153"]
[TimeControl "180+2"]
[EndTime "13:41:44 PDT"]
[Termination "HanSchut won by resignation"]

1. e4 d6 2. d4 Nf6 3. Nc3 g6 4. f4 Bg7 5. Nf3 O-O 6. Be2 c5 7. dxc5 Qa5 8. O-O Qxc5+ 9. Kh1 Nc6 10. Bd3 Be6 11. Qe1 Qh5 12. Be3 Ng4 13. Bg1 Rfc8 14. Rd1 Rab8 15. Nd5 Kf8 16. c3 b5 17. Ng5 Bd7 18. Be2 h6 19. Nf3 b4 20. cxb4 Nxb4 21. Nxb4 Bxb2 22. Nd5 e6 23. Ne3 Bc3 24. Qg3 Nxe3 25.
Bxe3 Qa5 26. Rxd6 Ke7 27. Rfd1 Rc7 28. e5 Rb2 29. Qh4+ Ke8 30. Bf1 Qxa2 31. Qxh6 Qa4 32. Qh8+ Ke7 33. Qf6+ Ke8 34. Ng5 Qxf4 1-0

[Event "*** MasterClass Titled Tuesday Blitz"]
[Site "Chess.com"]
[Date "2017.09.05"]
[Round "3"]
[White "Ilja_Semjonovs"]
[Black "workhard91"]
[Result "1-0"]
[WhiteElo "2353"]
[BlackElo "2285"]
[TimeControl "180+2"]
[EndTime "13:41:49 PDT"]
[Termination "Ilja_Semjonovs won by resignation"]

1. d4 Nf6 2. Nf3 e6 3. Bg5 c5 4. Bxf6 Qxf6 5. e3 Nc6 6. c3 d5 7.
Bd3 Bd6 8. Nbd2 O-O 9. O-O e5 10. dxe5 Nxe5 11. Nxe5 Qxe5 12. Nf3 Qe7 13. h3 b6 14. Re1 Bb7 15. Qc2 h6 16. e4 c4 17.
Bf1 dxe4 18. Nd2 Rfe8 19. Bxc4 Qe5 20. g3 Qf5 21. Bf1 Bc5 22. Nb3 Bd6 23. Bg2 Rad8 24. Nd2 Bc5 25. Nxe4 Re5 26. b4 Rde8 27. bxc5 Bxe4 28.
Bxe4 Rxe4 29. Rxe4 Rxe4 30. Kg2 Qe6 31. cxb6 axb6 32.
Rd1 Re2 33. Rd8+ 1-0

[Event "*** MasterClass Titled Tuesday Blitz"]
[Site "Chess.com"]
[Date "2017.09.05"]
[Round "3"]
[White "BIG_Pirate"]
[Black "Art10ECHR"]
[Result "0-1"]
[WhiteElo "2323"]
[BlackElo "2235"]
[TimeControl "180+2"]
[EndTime "13:41:57 PDT"]
[Termination "Art10ECHR won by resignation"]

1. Nf3 Nf6 2. c4 e6 3. g3 d5 4. d4 Be7 5. Bg2 O-O 6. O-O dxc4 7. Qc2 b6 8. Ne5 Qxd4 9. Bxa8 Qxe5 10. Bf4 Qh5 11.
Bg2 e5 12. Bc1 Be6 13. Nd2 Qxe2 14. Qc3 Nbd7 15. Nf3 Bc5 16. Be3 Nd5 17. Qd2 Qxd2 18. Bxd2 f6 19. Rfd1 c6 20. Rac1 b5 21. b3 e4 22. Ne1 Bg4 23. bxc4 bxc4 24. Bxe4 Bxd1 25. Rxd1 Re8 26. Bg2 Re2 27. Nf3 Rxf2 28. Kh1 c3 29. Be1 Rxg2 30. Rxd5 cxd5 31. Kxg2 d4 32. Kf1 Kf7 33.
Bf2 d3 34. Bxc5 Nxc5 35. Ke1 Ke6 36. Nd4+ Ke5 37. Nb5 Na4 38. Kd1 Nb2+ 39. Kc1 d2+ 0-1

[Event "*** MasterClass Titled Tuesday Blitz"]
[Site "Chess.com"]
[Date "2017.09.05"]
[Round "3"]
[White "biostatistician"]
[Black "tomsishere"]
[Result "0-1"]
[WhiteElo "2422"]
[BlackElo "2262"]
[TimeControl "180+2"]
[EndTime "13:41:57 PDT"]
[Termination "tomsishere won by resignation"]

1. d4 Nf6 2. Nf3 g6 3. c4 Bg7 4.
Nc3 d5 5. cxd5 Nxd5 6. e4 Nxc3 7.
bxc3 c5 8. Be3 Qa5 9. Qd2 Nc6 10. Rc1 cxd4 11. cxd4 Qxd2+ 12. Kxd2 O-O 13. d5 Rd8 14. Ke1 Na5 15. Bg5 Bd7 16. Bd3 f5 17. e5 Rdc8 18. Ke2 e6 19. Bd2 b6 20. Ba6 Rxc1 21. Rxc1 exd5 22.
Rc7 Ba4 23. Bb7 Nxb7 24. Rxb7 Re8 25. Rxa7 Bb5+ 26. Ke3 Bh6+ 27. Kd4 Bf8 28. Be3 Rc8 29. e6 Bg7+ 30. Kxd5 Rd8+ 31. Rd7 Bxd7 32. exd7 Rxd7+ 33. Kc6 Ra7 34. Bxb6 Rxa2 35. Kd5 h6 36. h4 Kf7 37. Be3 f4 38. Bxf4 Rxf2 0-1

[Event "*** MasterClass Titled Tuesday Blitz"]
[Site "Chess.com"]
[Date "2017.09.05"]
[Round "3"]
[White "Bryakin_Mikhail"]
[Black "Adham_Fawzy"]
[Result "1/2-1/2"]
[WhiteElo "2540"]
[BlackElo "2384"]
[TimeControl "180+2"]
[EndTime "13:42:09 PDT"]
[Termination "Game drawn by agreement"]

1. d4 Nf6 2. c4 e6 3. Nf3 b6 4. g3 Bb7 5. Bg2 Bb4+ 6. Bd2 c5 7.
O-O O-O 8. Nc3 cxd4 9. Nxd4 Bxg2 10. Kxg2 Qc8 11. Qb3 Nc6 12. Nxc6 Qxc6+ 13. Kg1 Bxc3 14. Bxc3 Ne4 15. Rac1 Rac8 16. f3 Qc5+ 17. Kg2 Nxc3 18. Rxc3 Qe5 19. e4 f5 20. exf5 Rxf5 21. Rf2 Qf6 22. Qc2 Rfc5 23. Qd3 R8c7 24. Rd2 g6 25. Qd4 Qf5 26. a4 a5 27. b3 d5 28. Rdc2 e5 29.
Qd2 d4 30. Rd3 Re7 31. Qe2 Rcc7 32. Qe4 Qxe4 33. fxe4 Rf7 34. Rf2 Kg7 35. Rdf3 Rxf3 36. Rxf3 Rd7 37. Kf2 h5 38. Ke2 Re7 39. Kd3 g5 40. Rf5 Kg6 41. h3 Re8 42. Kd2 Re7 43. Kd3 g4 44. h4 Re8 45. Kd2 Re7 1/2-1/2

[Event "*** MasterClass Titled Tuesday Blitz"]
[Site "Chess.com"]
[Date "2017.09.05"]
[Round "3"]
[White "Oneofmyturns"]
[Black "ChessQueen"]
[Result "1-0"]
[WhiteElo "2475"]
[BlackElo "2586"]
[TimeControl "180+2"]
[EndTime "13:42:15 PDT"]
[Termination "Oneofmyturns won by resignation"]

1. d4 Nf6 2. c4 e6 3. Nc3 Bb4 4. Qc2 d5 5. cxd5 exd5 6. Nf3 O-O 7. Bg5 h6 8. Bh4 Be6 9. e3 c5 10. dxc5 Nbd7 11. Be2 g5 12. Bg3 Ne4 13. O-O Bxc3 14. bxc3 Rc8 15. Nd4 Ndxc5 16. c4 Nxg3 17. hxg3 dxc4 18.
Bxc4 Bxc4 19. Qxc4 Ne6 20. Qd3 Nxd4 21. exd4 Qd5 22.
Rfc1 Rfd8 23. Rxc8 Rxc8 24. Rd1 b5 25. a4 bxa4 26. Qa6 Qc6 27. Qxa7 Ra8 28. Qe7 a3 29. d5 Qa4 30. Ra1 a2 31. Qe2 Qb3 32. Qe5 Rd8 33. d6 Rxd6 34. Qxd6 Qb1+ 35. Qd1 1-0

[Event "*** MasterClass Titled Tuesday Blitz"]
[Site "Chess.com"]
[Date "2017.09.05"]
[Round "3"]
[White "Izoria123"]
[Black "RitvarsReimanis"]
[Result "1-0"]
[WhiteElo "2651"]
[BlackElo "2469"]
[TimeControl "180+2"]
[EndTime "13:42:18 PDT"]
[Termination "Izoria123 won by resignation"]

1. Nf3 Nf6 2. c4 e6 3. g3 d5 4. Bg2 Be7 5. Qc2 O-O 6. O-O c5 7. d4 Nc6 8. cxd5 Nxd5 9. dxc5 Ncb4 10. Qb3 Bxc5 11. a3 Nc6 12. Nc3 Nf6 13. Bg5 Qb6 14.
Qxb6 Bxb6 15. Rac1 Bd7 16. Rfd1 Rfd8 17. Na4 Bc7 18. Nc5 Bc8 19. b4 h6 20. Bf4 Bxf4 21.
gxf4 Rxd1+ 22. Rxd1 b6 23. Ne5 bxc5 24. Bxc6 Rb8 25. Rd8+ Kh7 26. b5 Nd5 27. Nd7 Bxd7 28. Rxb8 Bxc6 29. bxc6 Kg6 30. Rb5 Kf6 31. Rxc5 Nc7 32.
Rc3 Ke7 33. Rd3 Nd5 34. e4 Nxf4 35. Rd7+ Ke8 36. Rxa7 Ne2+ 37. Kh1 Nc3 38. Ra8+ Ke7 39. c7 1-0

[Event "*** MasterClass Titled Tuesday Blitz"]
[Site "Chess.com"]
[Date "2017.09.05"]
[Round "3"]
[White "TenisMaster"]
[Black "jncool68"]
[Result "1-0"]
[WhiteElo "2769"]
[BlackElo "2465"]
[TimeControl "180+2"]
[EndTime "13:42:18 PDT"]
[Termination "TenisMaster won by resignation"]

1. d4 Nf6 2. Bf4 d5 3. e3 e6 4. Nd2 Bd6 5. Bg3 O-O 6. Ngf3 c5 7. c3 Qc7 8. Bd3 Nbd7 9. O-O e5 10. dxe5 Nxe5 11.
Nxe5 Bxe5 12. Nf3 Bxg3 13. hxg3 Bg4 14. Qa4 b6 15. Rfd1 Rad8 16. Qf4 Qxf4 17. gxf4 Rfe8 18.
Bb5 Re7 19. a4 a5 20. Rd2 Ne4 21. Rd3 Nf6 22. Ne5 Bf5 23. Rd2 Rc7 24. f3 h5 25.
Rad1 Rdc8 26. c4 d4 27. exd4 cxd4 28. Rxd4 g6 29. Rd6 Kg7 30. Rxb6 Be6 31. b3 Ra7 32. Rbd6 Rcc7 33. Rc1 h4 34. Rcd1 Rab7 35. R1d4 Ra7 36.
Kf2 Ra8 37. Rd8 Rxd8 38. Rxd8 Bf5 39. Nc6 Bc2 40. Nxa5 Ra7 41. b4 Re7 42. Nc6 Rc7 43. a5 Bb3 44. a6 Bxc4 45. Bxc4 Rxc6 46. a7 1-0

[Event "*** MasterClass Titled Tuesday Blitz"]
[Site "Chess.com"]
[Date "2017.09.05"]
[Round "3"]
[White "dhanushbharadwaj"]
[Black "W_Amadeus"]
[Result "0-1"]
[WhiteElo "2427"]
[BlackElo "2400"]
[TimeControl "180+2"]
[EndTime "13:42:19 PDT"]
[Termination "W_Amadeus won by resignation"]

1. Nf3 d5 2. c4 c6 3. e3 Nf6 4.
Nc3 Nbd7 5. b3 e5 6. cxd5 cxd5 7. Bb2 a6 8. Be2 Bd6 9. h3 O-O 10. Rc1 b5 11. g4 Bb7 12. g5 Ne4 13. Rg1 Re8 14.
Nxe4 dxe4 15. Nh4 g6 16. d4 exd3 17. Bxd3 Nc5 18. Be2 Ne4 19. Nf3 Qa5+ 20. Kf1 Qxa2 21. Rb1 Rad8 22. Qc2 Ba3 23. Bd3 Rc8 24. Qe2 Bxb2 25.
Rxb2 Qa3 26. h4 Nc3 27. Qd2 Bxf3 28. h5 Red8 29. hxg6 Qa1+ 30. Rb1 Qxb1+ 31. Bxb1 Rxd2 32. gxf7+ Kf8 0-1

[Event "*** MasterClass Titled Tuesday Blitz"]
[Site "Chess.com"]
[Date "2017.09.05"]
[Round "3"]
[White "penguingm1"]
[Black "Bengalas"]
[Result "0-1"]
[WhiteElo "2556"]
[BlackElo "2497"]
[TimeControl "180+2"]
[EndTime "13:42:19 PDT"]
[Termination "Bengalas won by resignation"]

1. d4 Nf6 2. c4 e6 3. Nc3 Bb4 4. Qc2 b6 5. e4 c5 6. d5 Qe7 7. Ne2 d6 8. Bg5 Nbd7 9. O-O-O h6 10. Bh4 Ne5 11. a3 Bxc3 12. Nxc3 O-O 13. h3 Ng6 14.
Bg3 e5 15. Bh2 a6 16. a4 Bd7 17. g3 Ne8 18. Bd3 Nc7 19. f4 b5 20. axb5 axb5 21.
cxb5 Rfb8 22. f5 Nf8 23. Qe2 Ra5 24. Bg1 Nxb5 25. Bxb5 Bxb5 26. Qg4 Nh7 27. Be3 Nf6 28. Qf3 Bc4 29. Rh2 Ra1+ 30. Nb1 Qa7 31. Rc2 Qa2 32. Kd2 Rxb1 33. Rdc1 R1xb2 34. Qd1 Bb3 0-1

[Event "*** MasterClass Titled Tuesday Blitz"]
[Site "Chess.com"]
[Date "2017.09.05"]
[Round "3"]
[White "liquormark"]
[Black "Scott-fox21"]
[Result "1-0"]
[WhiteElo "2113"]
[BlackElo "2160"]
[TimeControl "180+2"]
[EndTime "13:42:19 PDT"]
[Termination "liquormark won by resignation"]

1. c4 e6 2. Nc3 d5 3. d4 c6 4. Nf3 dxc4 5. e3 b5 6. a4 Bb4 7. Ne5 Nf6 8. Qf3 Qd5 9. Bd2 Qxf3 10.
Nxf3 O-O 11. axb5 Bxc3 12. Bxc3 cxb5 13. Ne5 Bb7 14. Bb4 Rc8 15. f3 Nc6 16. Nxc6 Rxc6 17. e4 a6 18. Be2 Rd8 19. Bc3 Rb6 20. Ba5 Rbd6 21. Bxd8 Rxd8 22. O-O-O Nd7 23. Kc2 Bc6 24. d5 exd5 25. exd5 Bb7 26. Rd4 Nb6 27. d6 Nc8 28. Rhd1 Bc6 29. d7 Nb6 30. Rd6 Nd5 31. R6xd5 Bxd5 32. Rxd5 Kf8 33. Rd6 Ke7 34. Rxa6 Rxd7 35. Rb6 Rd5 36. f4 Rd4 37. g3 Re4 38.
Bg4 f5 39. Bxf5 Re2+ 40. Kc3 Rxh2 41. Rxb5 g6 42. Be4 Re2 43. Kd4 Rd2+ 44. Kxc4 Re2 45. Bd3 Re3 46. Re5+ Rxe5 47. fxe5 Ke6 48. Kd4 g5 49. b4 h5 50. b5 h4 51. gxh4 gxh4 52.
b6 Kd7 53. Be4 h3 54. b7 Kc7 55. e6 h2 56. e7 1-0